 Dungeon Crawl Stone Soup version 0.31-a0-182-gc5ef74bbde (webtiles) character file.

Game seed: 3153626474334550580

100 qw the Chopper (level 4, -6/28 HPs)
             Began as a Gargoyle Fighter on June 20, 2023.
             Mangled by an ogre
             ... wielding a +0 giant spiked club
              (14 damage)
             ... on level 4 of the Dungeon.
             The game lasted 00:01:10 (2482 turns).

qw the Chopper (Gargoyle Fighter)                   Turns: 2482, Time: 00:01:11

Health: -6/28      AC: 16    Str: 22    XL:     4   Next: 74%
Magic:  4/4        EV:  8    Int:  8    God:
Gold:   95         SH:  4    Dex: 13    Spells: 3/3 levels left

rFire   . . .        Y - +1 war axe
rCold   . . .        c - +0 buckler
rNeg    + . .        k - +0 chain mail
rPois   inf          l - +1 helmet
rElec   +            (no cloak)
rCorr   .            (no gloves)
SInv    .            a - +0 pair of boots of the Shouting Gods {*Corrode rElec Regen+ Dex+4}
Will    .....        (no amulet) Stlth
                     (no ring)
HPRegen 1.04/turn    (no ring)
MPRegen 0.09/turn

%: corrode self (3%)
@: no status effects
A: sickness immunity, AC +3, negative energy resistance 1, electricity
resistance, torment resistance 1, petrification resistance
a: no special abilities


You were on level 4 of the Dungeon.
You visited 1 branch of the dungeon, and saw 4 of its levels.

You collected 210 gold pieces.
You spent 115 gold pieces at shops.


Innate Abilities, Weirdness & Mutations

You are immune to sickness and miasma.
Your stone body is resilient. (AC +3)
You are immune to poison.
You resist negative energy. (rN+)
You are resistant to electric shocks. (rElec)
You are resistant to unholy torment.
You are immune to petrification.


   Skills:
 - Level 3.2 Fighting
 + Level 4.0 Axes
 - Level 3.2 Armour
 - Level 1.1 Dodging
 - Level 3.2 Shields


You had 3 spell levels left.
You didn't know any spells.
Your spell library was empty.

Inventory:

Hand Weapons
 o - a +0 morningstar
 Y - a +1 war axe (weapon)
Missiles
 i - a boomerang (quivered)
Armour
 a - the +0 pair of boots of the Shouting Gods (worn) {*Corrode rElec Regen+ Dex+4}
   (You acquired it on level 2 of the Dungeon)

   Dex:       It affects your dexterity (+4).
   rElec:     It insulates you from electricity.
   Regen:     It increases your rate of health regeneration.
   *Corrode:  It may corrode you when you take damage.
 c - a +0 buckler (worn)
 k - a +0 chain mail (worn)
 l - a +1 helmet (worn)
Scrolls
 f - 2 scrolls of teleportation
 h - a scroll of identify
Potions
 b - a potion of curing
 d - a potion of might
 g - a potion of lignification
 n - a potion of magic

Dungeon Overview and Level Annotations

Branches:
Dungeon (4/15)
 Temple: D:4-7

Altars:

Shops:
D:3 ?

Portals:
Sewer: D:4

Annotations:
D:4 Dowan, Duvessa


Message History

Enter note:
Enter note:
Enter note:
Enter note: You miss Dowan.
Dowan misses you.
An ogre comes into view. It is wielding a +0 giant spiked club.
You hit Dowan.
Dowan is lightly wounded.
Dowan casts a spell.
Dowan blinks!
2477 ||| Stepping ~*~*~tactically~*~*~ (hiding).
Enter note:
Enter note:
Enter note:
Enter note:
Enter note:
Enter note: You barely miss Duvessa.
Duvessa hits you with a +0 rapier!
You hit Duvessa but do no damage. You slash the worm!
Dowan gestures at you while chanting. The puff of frost hits you.
Duvessa hits you with a +0 rapier. The worm barely misses you.
You slash the worm!
The worm is almost dead.
You completely miss Duvessa. You block Duvessa's attack.
Dowan hits you but does no damage.
You slash the worm!
You kill the worm!
You closely miss Duvessa. You barely miss Dowan.
Duvessa hits you but does no damage. You block Dowan's attack.
You barely miss Dowan.
Dowan is lightly wounded.
You completely miss Duvessa. Duvessa hits you but does no damage.
Dowan hits you with a +0 dagger. Duvessa barely misses you.
The ogre hits you with a +0 giant spiked club!
Ouch! That really hurt!
You die...

.......# #... ~~~~~~~#.
.....# ##.#.
.~~~~~~~~.#. ...# #..#.
.~~~\~~~...####.#####.#.
.~~~~~~~~..+.#.....##...
#~~~~~~~#..#.#..##.##.#.
..~~~~~....#.#.>##.#..#.
..#~..#...%#(#..##..#.#.
......e@...#.#...####...
......Oe............#.#.
....######...#.##.....##
... #...#.# ####... .
#...#.# ##.# #...#.# ..
#...#.. #...### #...#


You could see Duvessa, an ogre and Dowan.

Vanquished Creatures
  3 adders
  A worm (D:4)
  A dart slug (D:3)
  4 orcs (D:3)
  5 ball pythons
  5 bats
  8 endoplasms
  4 giant cockroaches
  4 goblins
  4 hobgoblins
  5 quokkas
  5 frilled lizards
  4 kobolds
  5 rats
  A spectral hobgoblin (D:3)
59 creatures vanquished.

Notes
Turn   | Place    | Note
-------+----------+-------------------------------------------
     0 | D:1      | qw the Gargoyle Fighter began the quest for the Orb.
     0 | D:1      | Reached XP level 1. HP: 14/14 MP: 1/1
     0 | D:1      | 0 ||| qw: Version: 0.3-a-9-g12657ce
     0 | D:1      | 0 ||| qw: Game counter: 1472
     0 | D:1      | 0 ||| qw: Always use a shield: true
     0 | D:1      | 0 ||| qw: God list: Okawaru
     0 | D:1      | 0 ||| qw: Allow faded altars: false
     0 | D:1      | 0 ||| qw: Do Orc after D:15 true
     0 | D:1      | 0 ||| qw: Do second Lair branch before Depths: true
     0 | D:1      | 0 ||| qw: Lair rune preference: random
     0 | D:1      | 0 ||| qw: Plans: Normal, Zot:1-4, Slime:5, God:TSO, Crypt,
                  | Tomb, Abyss, Pan, Hells, Win
     0 | D:1      | 0 ||| PLANNING D:1-11
   145 | D:1      | Reached skill level 2 in Axes
   199 | D:1      | Reached XP level 2. HP: 18/19 MP: 2/2
   283 | D:1      | 283 ||| Stepping ~*~*~tactically~*~*~ (hiding).
   285 | D:1      | 285 ||| Stepping ~*~*~tactically~*~*~ (hiding).
   286 | D:1      | 286 ||| Stepping ~*~*~tactically~*~*~ (hiding).
   287 | D:1      | 287 ||| Stepping ~*~*~tactically~*~*~ (hiding).
   302 | D:1      | 302 ||| DROPPING +0 club.
   515 | D:1      | Reached skill level 3 in Axes
   557 | D:1      | Reached XP level 3. HP: 23/23 MP: 3/3
   795 | D:1      | 795 ||| UPGRADING to +0 chain mail.
   805 | D:1      | 805 ||| DROPPING +0 scale mail.
   806 | D:1      | 806 ||| DROPPING ring of flight.
   807 | D:1      | 807 ||| READING scroll labelled XOGAIRPHE PUSKA.
   808 | D:1      | 808 ||| READING 3 scrolls labelled SALAPP UGIQU.
   809 | D:1      | 809 ||| READING 2 scrolls of identify.
   809 | D:1      | 809 ||| IDENTIFYING clear potion
   810 | D:1      | 810 ||| DROPPING potion of invisibility.
   863 | D:2      | 863 ||| Stepping ~*~*~tactically~*~*~ (stealth).
  1467 | D:2      | 1467 ||| READING scroll labelled BARGHA XIOVIFRA.
  1467 | D:2      | Identified a scroll of acquirement
  1467 | D:2      | 1467 ||| ACQUIRING +0 pair of boots of the Shouting Gods
                  | {*Corrode rElec Regen+ Dex+4}
  1467 | D:2      | Acquired the +0 pair of boots of the Shouting Gods
                  | {*Corrode rElec Regen+ Dex+4}
  1469 | D:2      | 1469 ||| UPGRADING to +0 pair of boots of the Shouting Gods
                  | {*Corrode rElec Regen+ Dex+4}.
  1474 | D:2      | 1474 ||| READING scroll labelled TUMOENT QUTTA.
  1475 | D:2      | 1475 ||| READING 2 scrolls of identify.
  1475 | D:2      | 1475 ||| IDENTIFYING fizzy grey potion
  1605 | D:3      | Found Sirphuux's Magic Scroll Shop.
  1616 | D:3      | 1616 ||| BUYING scroll of enchant armour (82 gold).
  1616 | D:3      | Bought a scroll of enchant armour for 82 gold pieces
  1616 | D:3      | 1616 ||| SHOPLISTING scroll of enchant weapon (82 gold,
                  | have 47).
  1616 | D:3      | 1616 ||| BUYING scroll of teleportation (33 gold).
  1616 | D:3      | Bought a scroll of teleportation for 33 gold pieces
  1616 | D:3      | 1616 ||| SHOPLISTING scroll of teleportation (33 gold, have
                  | 14).
  1641 | D:3      | 1641 ||| Stepping ~*~*~tactically~*~*~ (stealth).
  1648 | D:3      | Reached XP level 4. HP: 28/28 MP: 4/4
  1726 | D:3      | Reached skill level 4 in Axes
  1810 | D:3      | 1810 ||| DROPPING +0 whip.
  1918 | D:3      | Found a faded altar of an unknown god.
  2121 | D:3      | 2121 ||| UPGRADING to +0 helmet.
  2126 | D:3      | 2126 ||| READING scroll of enchant armour.
  2126 | D:3      | 2126 ||| ENCHANTING +0 helmet.
  2127 | D:3      | 2127 ||| READING scroll labelled EMMOSO ZIRE.
  2132 | D:3      | 2132 ||| READING 2 scrolls of identify.
  2132 | D:3      | 2132 ||| IDENTIFYING silvery potion
  2133 | D:3      | 2133 ||| DROPPING potion of brilliance.
  2150 | D:4      | 2150 ||| PLANNING SEWER
  2459 | D:4      | Reached skill level 1 in Dodging
  2463 | D:4      | Found a glowing drain.
  2468 | D:4      | 2468 ||| READING scroll labelled ZIETZO NEWEDU.
  2469 | D:4      | 2469 ||| READING 3 scrolls of identify.
  2469 | D:4      | 2469 ||| IDENTIFYING lumpy golden potion
  2470 | D:4      | 2470 ||| READING 2 scrolls of identify.
  2470 | D:4      | 2470 ||| IDENTIFYING fuming purple potion
  2470 | D:4      | Noticed Dowan
  2473 | D:4      | Noticed Duvessa
  2475 | D:4      | Noticed an ogre
  2477 | D:4      | 2477 ||| Stepping ~*~*~tactically~*~*~ (hiding).
  2482 | D:4      | Mangled by an ogre

Levels and vault maps discovered:
D:1:      dpeg_arrival_signposts, layout_basic
D:2:      layout_basic
D:3:      layout_basic, dreamdust_ecumenical_altar_drowned_temple, serial_shops,
          shop, columned_hall_lemuel, nicolae_underground_beach
D:4:      layout_basic, cheibrodos_sewer_entry_drain,
          nicolae_concentric_dashed_squares_wild, uniq_duvessa

Skill      XL: |  1  2  3  4 |
---------------+-------------+-----
Axes           | 2 3 4 |  4.0
Dodging        | 1 |  1.1
Fighting       | |  3.2
Armour         | |  3.2
Shields        | |  3.2

Action                     |  1- 3 |  4- 6 || total
---------------------------+-------+-------++-------
  Melee: War axe           |   105 |    49 ||   154
  Throw: Boomerang         |       |    20 ||    20
    Use: Scroll            |     6 |     6 ||    12
 Armour: Scale mail        |    21 |       ||    21
         Chain mail        |    21 |    36 ||    57
  Dodge: Dodged            |    49 |    17 ||    66
  Block: Buckler           |    19 |     9 ||    28

Table legend:
 A = Non-vault XP
 B = Vault XP
 C = Vault XP percentage of total XP
 D = Non-vault monster count
 E = Vault monster count
 F = Vault count percentage of total count
                 A         B        C        D         E       F
            +---------+---------+-------+---------+---------+-------
      Total |     135 |       9 |   6.2 |      55 |       4 |   6.8
            +---------+---------+-------+---------+---------+-------
        D:1 |      36 |       0 |   0.0 |      21 |       0 |   0.0
        D:2 |      29 |       0 |   0.0 |      10 |       0 |   0.0
        D:3 |      43 |       1 |   2.3 |      22 |       1 |   4.3
        D:4 |      27 |       8 |  22.9 |       2 |       3 |  60.0
            +---------+---------+-------+---------+---------+-------
